 Dungeon Crawl Stone Soup version 0.30.1-1-g62c8e00024 (webtiles) character file.

Game seed: 13516329232710038088

1818698 LordWeiramon the Middleweight Champion (level 26, 266/266 HPs)
             Began as a Minotaur Monk on July 17, 2023.
             Was the Champion of Cheibriados.
             Escaped with the Orb
             ... and 3 runes on July 18, 2023!
             The game lasted 03:47:50 (58658 turns).

LordWeiramon the Middleweight Champion (MiMo)      Turns: 58658, Time: 03:47:51

Health: 266/266    AC: 46    Str: 40    XL:     26   Next: 45%
Magic:  28/28      EV: 32    Int: 26    God:    Cheibriados [******]
Gold:   2733       SH: 26    Dex: 33    Spells: 25/25 levels left

rFire   + +          .
                       - Unarmed
rCold   + + .        e - +2 tower shield
rNeg    + + .        W - +8 crystal plate armour
rPois   +            Y - +0 hat "Tegazodu" {rC++}
rElec   +            Z - +1 cloak {Will+}
rCorr   .            I - -1 pair of gloves "Lirph" {+Inv rF++ rC- rN+}
SInv    .            T - +1 pair of boots
Will    +++++        U - amulet of the Four Winds {rN+ Will+++ Clar} Stlth
                     g - ring of the Festooned Lime {rElec rC+ Dex+6}
HPRegen 0.64/turn    Q - ring of poison resistance
MPRegen 0.21/turn

%: clarity
@: studying Stealth, very slow
A: horns 2, retaliatory headbutt, clever 1, clumsy 1
0: Orb of Zot
}: 3/15 runes: decaying, abyssal, gossamer
a: Renounce Religion, Evoke Invisibility, Bend Time, Temporal Distortion,
Slouch, Step From Time


You escaped.
You worshipped Cheibriados.
Cheibriados was exalted by your worship.
You visited 11 branches of the dungeon, and saw 50 of its levels.
You visited the Abyss 1 time.
You also visited: Gauntlet, Ice Cave and Wizlab.

You collected 6926 gold pieces.
You spent 4193 gold pieces at shops.

Inventory:

Missiles
 J - 9 throwing nets (quivered)
Armour
 e - a +2 tower shield (worn)
 q - a scarf of resistance
 A - the +3 robe of Clouds {*Thunder rCloud rElec}
   (You took it off a Cloud Mage in a wizard's laboratory)

   *Thunder:  It occasionally creates storm clouds above nearby enemies.
   rCloud:    It grants its wearer immunity to clouds.
   rElec:     It insulates you from electricity.
 I - the -1 pair of gloves "Lirph" (worn) {+Inv rF++ rC- rN+}
   (You found it on level 4 of the Spider Nest)

   rF:        It greatly protects you from fire.
   rC:        It makes you vulnerable to cold.
   rN:        It protects you from negative energy.
   +Inv:      It lets you turn invisible.
 T - a +1 pair of boots (worn)
 W - a +8 crystal plate armour (worn)
 Y - the +0 hat "Tegazodu" (worn) {rC++}
   (You found it on level 4 of the Spider Nest)

   rC:        It greatly protects you from cold.
 Z - a +1 cloak of willpower (worn)
Jewellery
 a - a ring of positive energy
 g - the ring of the Festooned Lime (left hand) {rElec rC+ Dex+6}
   (You found it on level 4 of the Realm of Zot)

   [ring of dexterity]

   Dex:       It affects your dexterity (+6).
   rC:        It protects you from cold.
   rElec:     It insulates you from electricity.
 j - the ring of the Queen {+Blink rF+ rCorr}
   (You took it off a vault warden on level 4 of the Vaults)

   [ring of protection from fire]

   rF:        It protects you from fire.
   +Blink:    It lets you blink.
   rCorr:     It protects you from acid and corrosion.
 k - the amulet "Liph" {Spirit rF+ Regen+}
   (You took it off a white draconian in an ice cave)

   [amulet of guardian spirit]

   It causes incoming damage to be divided between your reserves of health and
   magic.
   rF:        It protects you from fire.
   Regen:     It increases your rate of health regeneration.
 n - the amulet of Okhidegi {rC+ Regen+}
   (You found it on level 1 of the Spider Nest)

   [amulet of regeneration]

   rC:        It protects you from cold.
   Regen:     It increases your rate of health regeneration.
 Q - a ring of poison resistance (right hand)
 R - a ring of resist corrosion
 U - the amulet of the Four Winds (around neck) {rN+ Will+++ Clar}
   (You took it off a fire giant on level 3 of the Depths)

   [amulet of nothing]

   rN:        It protects you from negative energy.
   Clar:      It protects you from confusion, rage, mesmerisation and fear.
   Will:      It greatly increases your willpower.
Wands
 w - a wand of quicksilver (23)
 x - a wand of roots (51)
 C - a wand of polymorph (49)
 F - a wand of digging (19)
 L - a wand of flame (113)
 P - a wand of mindburst (27)
 V - a wand of charming (29)
Scrolls
 c - 3 scrolls of brand weapon
 f - 3 scrolls of silence
 h - 24 scrolls of teleportation
 l - 7 scrolls of poison
 m - 10 scrolls of fog
 o - 10 scrolls of amnesia
 y - 14 scrolls of fear
 D - 10 scrolls of blinking
 G - 7 scrolls of magic mapping
 K - 39 scrolls of identify
 N - 5 scrolls of summoning
 O - 9 scrolls of enchant weapon
Potions
 b - 11 potions of ambrosia
 d - 7 potions of cancellation
 i - 20 potions of curing
 p - 6 potions of brilliance
 r - 5 potions of resistance
 s - 10 potions of magic
 t - 8 potions of flight
 u - 11 potions of mutation
 z - 4 potions of berserk rage
 B - 8 potions of heal wounds
 E - 5 potions of might
 S - 9 potions of invisibility
Miscellaneous
 v - a box of beasts
 X - a phantom mirror


   Skills:
 O Level 27 Fighting
 O Level 27 Armour
 + Level 24.4 Dodging
 - Level 15.4 Shields
 O Level 27 Unarmed Combat
 - Level 9.1 Invocations
 - Level 5.1 Evocations


You had 25 spell levels left.
You didn't know any spells.
Your spell library contained the following spells:

 Spells                   Type           Power      Damage    Failure   Level
 Apportation              Tloc           0%         N/A       61%         1
 Freeze                   Ice            0%         1d3       61%         1
 Necrotise                Necr           0%         1d4       61%         1
 Sandblast                Erth           0%         2d4       61%         1
 Sting                    Tmut/Pois      0%         1d3       61%         1
 Summon Small Mammal      Summ           0%         N/A       61%         1
 Blink                    Tloc           0%         N/A       75%         2
 Cigotuvi's Dreadful Rot  Necr/Pois/Air  0%         N/A       75%         2
 Ensorcelled Hibernation  Hex/Ice        0%         N/A       75%         2
 Lesser Beckoning         Tloc           0%         N/A       75%         2
 Passwall                 Tmut/Erth      0%         N/A       75%         2
 Scorch                   Fire           0%         2d5       75%         2
 Sublimation of Blood     Necr           0%         N/A       75%         2
 Wereblood                Tmut           0%         N/A       75%         2
 Dazzling Flash           Conj/Hex       0%         N/A       93%         3
 Frozen Ramparts          Ice            0%         1d1       93%         3
 Gell's Gravitas          Tloc           0%         N/A       93%         3
 Hailstorm                Conj/Ice       0%         3d3       93%         3
 Ignite Poison            Fire/Tmut/Pois 0%         N/A       93%         3
 Inner Flame              Hex/Fire       0%         N/A       93%         3
 Mephitic Cloud           Conj/Pois/Air  0%         N/A       93%         3
 Ozocubu's Armour         Ice            0%         N/A       93%         3
 Stone Arrow              Conj/Erth      0%         3d7       93%         3
 Summon Guardian Golem    Hex/Summ       0%         N/A       93%         3
 Swiftness                Air            0%         N/A       93%         3
 Teleport Other           Tloc           0%         N/A       93%         3
 Tukima's Dance           Hex            0%         N/A       93%         3
 Vampiric Draining        Necr           0%         2d6       93%         3
 Vhi's Electric Charge    Tloc/Air       0%         N/A       93%         3
 Volatile Blastmotes      Fire/Tloc      0%         2d10      93%         3
 Airstrike                Air            0%         2d(0-16)  100%        4
 Anguish                  Hex/Necr       0%         N/A       100%        4
 Cause Fear               Hex            0%         N/A       100%        4
 Flame Wave               Conj/Fire      0%         2d4       100%        4
 Fulminant Prism          Conj/Hex       0%         3d5       100%        4
 Ice Form                 Ice/Tmut       0%         N/A       100%        4
 Iskenderun's Mystic Bla  Conj/Tloc      0%         2d3       100%        4
 Manifold Assault         Tloc           0%         N/A       100%        4
 Petrify                  Tmut/Erth      0%         N/A       100%        4
 Sticky Flame             Conj/Fire      0%         2d3       100%        4
 Summon Ice Beast         Ice/Summ       0%         N/A       100%        4
 Summon Lightning Spire   Summ/Air       0%         N/A       100%        4
 Agony                    Necr           0%         N/A       100%        5
 Arcjolt                  Conj/Air       0%         1d10      100%        5
 Freezing Cloud           Conj/Ice/Air   0%         6-21      100%        5
 Irradiate                Conj/Tmut      0%         3d11      100%        5
 Lee's Rapid Deconstruct  Erth           0%         3d4*      100%        5
 Summon Forest            Summ/Tloc      0%         N/A       100%        5
 Summon Mana Viper        Hex/Summ       0%         N/A       100%        5
 Yara's Violent Unravell  Hex/Tmut       0%         3d3       100%        5
 Conjure Ball Lightning   Conj/Air       0%         3x3d6     100%        6
 Death Channel            Necr           0%         N/A       100%        6
 Eringya's Noxious Bog    Tmut/Pois      0%         N/A       100%        6
 Plasma Beam              Fire/Air       0%         2x1d11    100%        6
 Simulacrum               Ice/Necr       0%         N/A       100%        6
 Starburst                Conj/Fire      0%         6d3       100%        6
 Statue Form              Tmut/Erth      0%         N/A       100%        6
 Summon Cactus Giant      Summ           0%         N/A       100%        6
 Dragon Form              Tmut           0%         N/A       100%        7
 Enfeeble                 Hex            0%         N/A       100%        7
 Monstrous Menagerie      Summ           0%         N/A       100%        7
 Orb of Destruction       Conj           0%         9d5       100%        7
 Ozocubu's Refrigeration  Ice            0%         4d7       100%        7
 Spellforged Servitor     Conj/Summ      0%         N/A       100%        7
 Storm Form               Tmut/Air       0%         N/A       100%        7
 Summon Hydra             Summ           0%         N/A       100%        7
 Ignition                 Fire           0%         3d3       100%        8
 Maxwell's Capacitive Co  Air            0%         ∞         100%        8
 Necromutation            Tmut/Necr      0%         N/A       100%        8
 Chain Lightning          Conj/Air       0%         N/A       100%        9
 Dragon's Call            Summ           0%         N/A       100%        9


Dungeon Overview and Level Annotations

Branches:
Dungeon (15/15)            Temple (1/1) D:7            Lair (5/5) D:10
  Swamp (4/4) Lair:3       Spider (4/4) Lair:2        Slime (0/5) Lair:5
    Orc (2/2) D:12            Elf (3/3) Orc:2        Vaults (4/5) D:13
  Crypt (3/3) Vaults:2       Tomb (0/3) Crypt:3      Depths (4/4) D:15
    Zot (5/5) Depths:4      IceCv (visited)          WizLab (visited)
Gauntlet (visited)

Altars:
Ashenzari
Cheibriados
Dithmenos
Elyvilon
Fedhas
Gozag
Hepliaklqana
Kikubaaqudgha
Makhleb
Nemelex Xobeh
Okawaru
Qazlal
Ru
Sif Muna
Trog
Uskayaw
Vehumet
Wu Jian
Xom
Yredelemnul
Zin
The Shining One
Lugonu

Shops:
D:9 (   Orc:2 ??:*   Elf:2 (   Vaults:1 ([   Vaults:2 [!   Vaults:3 [*!?*
Depths:2 [[*!   Depths:4 (

Portals:
Hell: Depths:1 Depths:2 Depths:3 Depths:4
Abyss: D:8 Lair:5 Depths:1 Depths:3
Pandemonium: Depths:2
Ziggurat: Depths:3

Annotations:
D:4 yak pack almost killed
Depths:1 2 transporters, exclusion: orange crystal statue, Himmaryad's ghost, adept TrMo; Zujy's ghost, adept DsFi


Innate Abilities, Weirdness & Mutations

You have a pair of horns on your head.
You reflexively headbutt those who attack you in melee.
Your mind is acute. (Int +4, Str/Dex -1)
You are clumsy. (Dex -2)


Message History

The chaos spawn degenerates into a cloud of primal chaos!
(D) Dungeon (T) Temple (L) Lair (S) Swamp (N) Spider Nest (M) Slime Pits (O) Orcish Mines (E) Elven Halls (V) Vaults (C) Crypt (W) Tomb (U) Depths (H) Hell (Z) Zot
Where to? (Enter - D:1 @ (x,y), ? - help) 3 hell hogs come into view.
The hell hog squeals angrily.
Your magic seems less tainted.
Aiming: Dig
Press: ? - help, Shift-Dir - straight line A rock wall.
This square is covered in magical glow.
The rock shatters into small pieces.
You block the hell hog's attack.
You squash the hell hog like an ant!!!
You headbutt the hell hog!
The hell hog is almost dead.
You pummel the hell hog like a punching bag!!!
You kill the hell hog!
Cheibriados thoroughly appreciates the change of pace.
You pummel the hell hog!! You headbutt the hell hog!!
The hell hog is almost dead.
You block the hell hog's attack.
You punch the hell hog!
You kill the hell hog!
Cheibriados thoroughly appreciates the change of pace.
The hell hog breathes fire at you.
The fireball explodes!
The fireball engulfs you. You resist. You block the hell hog's attack. x2
You pummel the hell hog!!
You headbutt the hell hog, but do no damage.
The hell hog is heavily wounded.
You block the hell hog's attack.
You punch the hell hog!
The hell hog is almost dead.
You squash the hell hog like an ant!!!
You kill the hell hog!
Cheibriados thoroughly appreciates the change of pace.
There is an open door here.
There is a staircase leading out of the dungeon here.
You have escaped!

.##.........♣ #♣.#♣♣#♣ #.......
.##......#####♣♣.♣.#♣~#####......
.##......# ♣............♣ #......
.........# #...........#♣ #...###
.....###.###..#######..♣ #......
.....# #.#≈#..#.....#..♣♣ #......
.....# #.♣♣...#.....#...♣♣####...
.##..# #...#..#.....#..♣.≈####...
.##..###.#♣...#.@...'...####.....
.##......#≈#..#....P#..#♣ #.....
###..######♣..####'##..♣ #.....
.##..#### ♣...........# ###...##
........# #...........#♣#...####
.#..###.###♣.#♣#.#.##♣♣♣.....#
.#...##..##.## ##.~♣ #.....#
.....###.#.######### #.....#
.#...###..†.#.(.##########..†####


There were no monsters in sight!

Vanquished Creatures
  2 dread liches (Zot:5)
  6 orbs of fire
  2 ancient liches
  Mennas (Vaults:3)
  A juggernaut (Depths:2)
  Vv (Depths:2)
  Boris (Vaults:3)
  Frederick (Vaults:3)
  5 curse toes
  Margery (Vaults:3)
  3 Killer Klowns (Zot:5)
  Xtahua (Vaults:3)
  Nikola (Swamp:4)
  17 golden dragons
  A bone dragon (Crypt:3)
  6 electric golems
  A Cloud Mage (WizLab)
  24 tentacled monstrosities
  A hellephant (D:11)
  26 Orb Guardians
  A walking crystal tome (Depths:2)
  Asterion (Vaults:2)
  5 liches
  3 deep elf blademasters (Elf:3)
  A walking frostbound tome (Depths:3)
  6 quicksilver dragons
  3 deep elf master archers (Elf:3)
  3 sphinxes
  Kirke (Lair:4)
  3 tengu reavers
  16 death cobs
  7 ancient champions
  A tentacled starspawn (Abyss:3)
  4 fenstrider witches (Swamp:4)
  10 shadow dragons
  A thorn hunter (Abyss:3)
  Donald (Spider:3)
  Roxanne (Spider:3)
  20 storm dragons
  3 revenants
  4 draconian knights
  9 frost giants
  7 draconian monks
  10 deep elf sorcerers
  A demonspawn warmonger (D:2)
  4 draconian scorchers
  4 emperor scorpions
  10 vault wardens
  10 fire giants
  Louise (D:15)
  9 ghost moths
  A cacodemon (Depths:3)
  3 ghouls (Crypt:3)
  6 curse skulls
  17 ironbound preservers
  An iron dragon (Depths:3)
  5 draconian stormcallers
  A spriggan defender (Depths:3)
  4 draconian shifters
  7 deep elf elementalists
  6 draconian annihilators
  2 orc warlords
  A juggernaut zombie (Depths:3)
  3 reapers
  An angel (D:7)
  A broodmother (Spider:4)
  23 very ugly things
  10 stone giants
  6 ironbound thunderhulks
  7 vampire knights
  5 bunyips
  14 deep elf demonologists
  Nessos (D:15)
  6 green draconians
  The ghost of Xanbad the Fighter, a journeyman DjCj of Makhleb (Lair:2)
  10 dire elephants
  4 eleionomae
  A minotaur (Gauntlet)
  13 deep elf annihilators (Elf:3)
  16 white draconians
  13 yellow draconians
  9 black draconians
  19 spark wasps
  4 purple draconians
  10 red draconians
  8 deep elf death magi
  2 blizzard demons (Swamp:4)
  4 eidola
  The ghost of DemonSlayer the Skirmisher, a journeyman DsEE of Dithmenos (D:15)
  3 fire dragons
  7 ettins
  Josephine (D:15)
  7 yaktaur captains
  9 jiangshi
  5 deep elf high priests (Elf:3)
  A shambling mangrove (Swamp:4)
  3 entropy weavers
  Erolcha (D:12)
  5 great orbs of eyes
  5 rakshasas
  8 ice dragons
  4 vault guards
  A fenstrider witch zombie (Crypt:3)
  A spriggan zombie (Crypt:3)
  Harold (Lair:2)
  8 spriggan air magi
  7 hydras
  5 ogre magi
  Erica (Lair:2)
  7 ghost crabs
  A hell beast (Depths:3)
  4 radroaches
  A peacekeeper (Vaults:3)
  2 jorogumos (Spider:2)
  A catoblepas (D:15)
  13 centaur warriors
  3 death knights
  41 dancing weapons
  6 alligators
  8 boulder beetles
  7 deep troll shamans
  11 two-headed ogres
  2 satyrs (Abyss:3)
  6 ironbound frosthearts
  4 vampire magi
  An Orb Guardian skeleton (Crypt:3)
  4 deep troll earth magi
  4 hell hogs
  18 death yaks
  A titan zombie (Crypt:3)
  Urug (D:11)
  A quicksilver ooze zombie (Crypt:3)
  4 tengu warriors
  3 thrashing horrors (Lair:5)
  5 spriggan berserkers
  A shock serpent (WizLab)
  6 orc high priests (Orc:2)
  2 storm dragon zombies
  11 hell knights
  A skyshark (Lair:5)
  4 soul eaters
  Amaemon (Lair:2)
  20 deep elf knights
  9 iron trolls
  4 sixfirhies
  4 sun moths
  2 shadow wraiths
  2 titan skeletons
  2 golden dragon zombies
  7 pharaoh ants
  A bunyip zombie (Crypt:3)
  49 skeletal warriors
  The ghost of suzumiya the Thaumaturge, a novice DEAE (D:8)
  A goliath frog (Swamp:3)
  4 spriggan druids (Swamp:4)
  3 flayed ghosts
  A deep troll (shapeshifter) (Depths:4)
  2 anaconda zombies
  2 glowing orange brains
  4 death drakes
  A bunyip skeleton (Crypt:2)
  A ghost moth zombie (Crypt:3)
  4 swamp dragons
  7 bog bodies
  2 orange crystal statues
  3 deep elf archers
  12 orb spiders
  53 deep trolls
  14 orc knights
  21 deep elf pyromancers
  Pikel (D:9)
  13 lindwurms
  21 deep elf zephyrmancers
  4 steelbarb worms
  A tengu zombie (Vaults:4)
  2 anaconda skeletons (Crypt:3)
  11 wizards
  A phantasmal warrior (Crypt:1)
  12 necromancers
  4 orc sorcerers
  35 ugly things
  5 will-o-the-wisps
  An oklob plant (Lair:4)
  9 ironbound convokers
  A fire giant zombie (Depths:2)
  2 cyclopes
  A stone giant zombie (Vaults:4)
  A spectral centaur (Gauntlet)
  5 worldbinders (Abyss:3)
  29 wolf spiders
  A manticore (shapeshifter) (D:15)
  A human skeleton (Vaults:4)
  2 iron dragon skeletons
  A sphinx skeleton (Depths:3)
  2 apocalypse crabs (WizLab)
  40 moths of wrath
  A dire elephant zombie (Crypt:1)
  8 elephants
  2 rust devils (Depths:2)
  13 vault sentinels
  2 water nymphs (Abyss:3)
  A fire giant skeleton (Depths:2)
  A centaur zombie (Gauntlet)
  3 smoke demons
  6 storm dragon simulacra (IceCv)
  3 torpor snails
  2 gargoyles
  A catoblepas zombie (Crypt:2)
  5 demonic crawlers
  5 swamp worm zombies (Crypt:2)
  A rime drake (Lair:3)
  4 cane toads
  3 orange demons
  2 unseen horrors
  A minotaur zombie (Gauntlet)
  35 yaktaurs
  A spark wasp simulacrum (Depths:2)
  4 komodo dragons
  2 kobold demonologists
  An anaconda simulacrum (Crypt:1)
  5 freezing wraiths
  A queen bee (Lair:2)
  A redback zombie (Crypt:1)
  2 ancient zymes
  4 golden dragon simulacra
  4 tengu conjurers
  3 meliai (Spider:4)
  A hellwing (Swamp:4)
  A harpy zombie (Crypt:2)
  A spectral harpy (Gauntlet)
  4 trolls
  A grey draconian skeleton (Crypt:3)
  3 tyrant leeches
  A tengu simulacrum (Vaults:4)
  2 harpy skeletons (Crypt:3)
  4 wind drakes (WizLab)
  28 tarantellas
  18 hornets
  A human simulacrum (Crypt:3)
  12 blink frogs
  Grinder (D:5)
  A boulder beetle zombie (Crypt:3)
  A blink frog (shapeshifter) (D:11)
  A great orb of eyes zombie (Crypt:3)
  A jumping spider zombie (Crypt:2)
  23 culicivoras
  5 flying skulls (Crypt:1)
  12 air elementals
  34 slime creatures
  4 shadows
  A jumping spider (shapeshifter) (Elf:3)
  33 jumping spiders
  A guardian serpent skeleton (Crypt:2)
  13 spriggans
  2 ettin skeletons
  A fire dragon skeleton (Crypt:3)
  12 wraiths
  5 ynoxinuls (Lair:5)
  A wyvern (D:10)
  A dire elephant simulacrum (Crypt:3)
  A centaur simulacrum (D:15)
  2 vampires
  A basilisk (shapeshifter) (D:13)
  8 water elementals
  A yak (shapeshifter) (D:15)
  3 fire elementals
  54 redbacks
  A golden eye (Zot:2)
  45 yaks
  6 basilisks
  19 humans
  14 vampire mosquitoes
  2 neqoxecs (Swamp:4)
  10 large abominations
  7 chaos spawn
  6 wargs
  A glowing shapeshifter zombie (Depths:2)
  16 swamp worms
  An acid dragon (D:11)
  A harpy simulacrum (Crypt:3)
  A floating eye (shapeshifter) (Vaults:3)
  14 water moccasins
  39 orc warriors
  An ice beast (D:5)
  6 ice dragon simulacra (IceCv)
  2 black bears
  An ettin simulacrum (Vaults:4)
  An ogre (shapeshifter) (Lair:5)
  7 ogres
  A boggart (Elf:1)
  A dream sheep skeleton (Crypt:1)
  8 centaurs
  14 wolves
  A lemure (D:8)
  A torpor snail zombie (Crypt:3)
  2 phantoms
  A kobold brigand (D:8)
  A draconian zombie (Crypt:2)
  12 bullfrogs
  3 earth elementals
  3 scorpions
  A salamander skeleton (Crypt:1)
  A draconian skeleton (Crypt:3)
  18 small abominations
  A glowing shapeshifter simulacrum (Depths:3)
  3 wights (D:8)
  12 killer bees
  6 lindwurm simulacra (IceCv)
  2 vampire bats (D:9)
  3 howler monkeys
  10 electric eels
  A crimson imp (D:8)
  6 jellies
  A gnoll bouda (D:5)
  31 orc priests
  6 hounds
  4 human zombies
  An iron imp (D:8)
  Ijyb (D:3)
  9 iguanas
  3 sleepcaps
  A boggart zombie (Crypt:1)
  12 orc wizards
  3 gnolls (D:5)
  A howler monkey skeleton (Crypt:1)
  11 adders
  A shadow imp (D:5)
  A steam dragon skeleton (Crypt:2)
  3 white imps
  4 ufetubi (Gauntlet)
  A worm (D:2)
  4 dart slugs
  76 orcs
  2 bat skeletons (D:9)
  4 bat zombies (D:9)
  9 endoplasms
  3 giant cockroaches
  9 hobgoblins
  6 jackals
  A quokka (D:1)
  3 ball pythons
  4 bats
  4 frilled lizards
  A gnoll skeleton (Crypt:2)
  11 goblins
  A jackal zombie (D:9)
  8 kobolds
  An orc skeleton (Crypt:1)
  2 rats
  A rat zombie (Crypt:2)
  2 starspawn tentacles (Abyss:3)
2204 creatures vanquished.

Vanquished Creatures (others)
  A draconian knight (Zot:2)
  A ghost moth (Zot:1)
  A white draconian (Zot:2)
  A spark wasp (WizLab)
  A blizzard demon (WizLab)
  An ironbound frostheart (Vaults:4)
  A deep elf zephyrmancer (Elf:3)
  A bloated husk (Swamp:4)
  A hornet (Swamp:4)
  An air elemental (WizLab)
  A human (Lair:4)
  2 orcs (Orc:2)
  17 foxfires
30 creatures vanquished.

Grand Total: 2234 creatures vanquished

Notes
Turn   | Place    | Note
-------+----------+-------------------------------------------
     0 | D:1      | LordWeiramon the Minotaur Monk began the quest for the Orb.
     0 | D:1      | Reached XP level 1. HP: 19/19 MP: 0/0
   280 | D:1      | Reached XP level 2. HP: 26/26 MP: 1/1
  1105 | D:2      | Reached XP level 3. HP: 31/31 MP: 2/2
  1432 | D:2      | Reached skill level 5 in Unarmed Combat
  1876 | D:2      | Reached XP level 4. HP: 39/39 MP: 3/3
  1959 | D:3      | Noticed Ijyb
  2230 | D:3      | Killed Ijyb
  2317 | D:3      | Found an opulent altar of Gozag.
  2353 | D:3      | Found a stormy altar of Qazlal.
  2379 | D:3      | Reached XP level 5. HP: 42/45 MP: 4/4
  3093 | D:4      | Noticed a yak
  3093 | D:4      | Noticed a yak
  3094 | D:4      | Noticed a yak
  3131 | D:4      | Noticed a yak
  3141 | D:4      | Killed a yak
  3142 | D:4      | Reached XP level 6. HP: 23/51 MP: 5/5
  3152 | D:4      | Killed a yak
  3153 | D:4      | Reached XP level 7. HP: 16/57 MP: 6/6
  3155 | D:4      | Killed a yak
  3465 | D:4      | Killed a yak
  3466 | D:4      | Reached skill level 5 in Fighting
  3771 | D:4      | Found an ornate altar of the Wu Jian Council.
  3818 | D:5      | Entered Level 5 of the Dungeon
  4128 | D:5      | Found a blossoming altar of Fedhas.
  4147 | D:5      | Reached skill level 10 in Unarmed Combat
  4316 | D:5      | Reached XP level 8. HP: 64/68 MP: 7/7
  4448 | D:4      | Reached skill level 5 in Dodging
  4638 | D:5      | Found an iron altar of Okawaru.
  4915 | D:5      | Found an iron altar of Okawaru.
  5019 | D:5      | Noticed Grinder
  5019 | D:5      | Paralysed by Grinder for 5 turns
  5039 | D:5      | Killed Grinder
  5239 | D:5      | Reached XP level 9. HP: 73/74 MP: 8/8
  5325 | D:6      | Found a hide-covered altar of Uskayaw.
  5901 | D:7      | Found a staircase to the Ecumenical Temple.
  5928 | Temple   | Entered the Ecumenical Temple
  6012 | D:7      | You fall into a shaft and drop 3 floors!
  6012 | D:10     | Entered Level 10 of the Dungeon
  6016 | D:10     | Found a shimmering altar of Xom.
  6018 | D:10     | Found a shimmering blue altar of Sif Muna.
  6023 | D:10     | Found a staircase to the Lair.
  6023 | D:10     | Found a burning altar of Makhleb.
  6024 | D:10     | Found a snail-covered altar of Cheibriados.
  6025 | D:10     | Found a bloodstained altar of Trog.
  6033 | D:10     | Became a worshipper of Cheibriados the Contemplative
  6033 | D:10     | Reached * piety under Cheibriados
  6033 | D:10     | Reached ** piety under Cheibriados
  6050 | D:8      | Noticed a troll
  6057 | D:8      | Killed a troll
  6360 | D:7      | Found a shadowy altar of Dithmenos.
  6609 | D:8      | Noticed a two-headed ogre
  6621 | D:8      | Killed a two-headed ogre
  6622 | D:8      | Reached XP level 10. HP: 37/81 MP: 9/9
  7011 | D:8      | Found a transporter.
  7571 | D:8      | Noticed a hell hog
  7583 | D:8      | Noticed suzumiya's ghost (novice DEAE)
  7674 | D:8      | Found a transporter.
  7789 | D:9      | Noticed a two-headed ogre
  7898 | D:9      | Noticed Pikel
  7907 | D:9      | Killed Pikel
  7921 | D:9      | Found Mamuc's Antique Weapon Boutique.
  7945 | D:9      | Identified the +9 rapier of the Black Skies {heavy, rC++
                  | Str-4 Stlth+}
  8049 | D:9      | Killed a two-headed ogre
  8051 | D:9      | Reached skill level 15 in Unarmed Combat
  8073 | D:9      | Found a runed translucent door.
  8076 | D:9      | Reached *** piety under Cheibriados
  8260 | D:9      | Found a basalt altar of Yredelemnul.
  8709 | D:9      | Found an ancient bone altar of Kikubaaqudgha.
  8818 | D:10     | Found a radiant altar of Vehumet.
  8876 | D:10     | Found a white marble altar of Elyvilon.
  8923 | D:10     | Noticed an ogre mage
  8928 | D:10     | Killed an ogre mage
  8929 | D:10     | Reached XP level 11. HP: 78/86 MP: 8/10
  8967 | D:10     | Noticed a boulder beetle
  8985 | D:10     | Killed a boulder beetle
  8986 | D:10     | Reached skill level 10 in Dodging
  9016 | D:10     | Reached **** piety under Cheibriados
  9202 | D:10     | Reached skill level 1 in Invocations
  9344 | D:10     | Got the Folio of the Coals
  9787 | D:11     | Noticed a two-headed ogre
  9800 | D:11     | Killed a two-headed ogre
 10060 | D:11     | Reached skill level 5 in Invocations
 10092 | D:11     | Noticed a centaur warrior
 10092 | D:11     | Noticed a tengu warrior
 10099 | D:11     | Killed a centaur warrior
 10104 | D:11     | Noticed a death knight
 10105 | D:11     | Killed a tengu warrior
 10111 | D:11     | Noticed a centaur warrior
 10227 | Lair:1   | Entered Level 1 of the Lair of Beasts
 10644 | Lair:1   | Got Vehisk's Directory of Transmigration and Refrigeration
 11214 | Lair:2   | You fall into a shaft and drop 1 floor!
 11264 | Lair:2   | Noticed Amaemon
 11264 | Lair:2   | Found a transporter.
 11264 | Lair:2   | Found a transporter.
 11264 | Lair:2   | Noticed Xanbad's ghost (journeyman DjCj)
 11372 | Lair:3   | Reached XP level 12. HP: 103/103 MP: 16/16
 11570 | Lair:3   | Identified the +1 scale mail "Bota" {+Blink rPois Will+}
 11647 | Lair:3   | Found a staircase to the Swamp.
 12125 | Lair:3   | Reached skill level 10 in Fighting
 12132 | Lair:3   | Reached ***** piety under Cheibriados
 12930 | Lair:2   | Found a hole to the Spider Nest.
 12951 | Lair:2   | Noticed Erica
 12956 | Lair:2   | Killed Erica
 13221 | Lair:2   | Reached skill level 10 in Armour
 13286 | Lair:2   | Killed Amaemon
 13353 | Lair:2   | Noticed Harold
 13361 | Lair:2   | Killed Harold
 13720 | Lair:4   | Noticed a death yak
 13720 | Lair:4   | Noticed a death yak
 13725 | Lair:4   | Noticed a death yak
 13726 | Lair:4   | Noticed a death yak
 13726 | Lair:4   | Noticed a death yak
 13732 | Lair:3   | Killed a death yak
 13760 | Lair:4   | Noticed a death yak
 13761 | Lair:4   | Noticed a death yak
 13762 | Lair:4   | Noticed a death yak
 13762 | Lair:4   | Noticed a death yak
 13763 | Lair:4   | Noticed a death yak
 13764 | Lair:4   | Noticed a death yak
 13771 | Lair:3   | Killed a death yak
 13867 | Lair:4   | Noticed Kirke
 13887 | Lair:4   | Killed Kirke
 13979 | Lair:4   | Reached XP level 13. HP: 101/113 MP: 15/17
 14706 | Lair:5   | Entered Level 5 of the Lair of Beasts
 14851 | Lair:5   | Identified the +0 quarterstaff "Coiff" {freeze, *Rage rElec
                  | rCorr Str+3}
 14903 | Lair:5   | Reached ****** piety under Cheibriados
 15241 | Lair:5   | Found a staircase to the Slime Pits.
 15937 | Lair:5   | Identified the +6 short sword of Cheese {spect, MP+9}
 15959 | Lair:5   | Reached XP level 14. HP: 121/121 MP: 18/18
 16106 | Lair:5   | Found a corrupted altar of Lugonu.
 16106 | Lair:5   | Found a one-way gate to the infinite horrors of the Abyss.
 16458 | D:8      | Reached skill level 1 in Shields
 16473 | D:8      | Killed suzumiya's ghost
 17218 | D:11     | Got Sif Muna's Vellum of the Geometric Birds
 17222 | D:11     | Identified the staff of conjuration "Feibuos" {rF+ Str+5}
 17249 | D:11     | Noticed Urug
 17256 | D:11     | Killed Urug
 17257 | D:11     | Reached skill level 5 in Shields
 17470 | D:12     | Found a staircase to the Orcish Mines.
 18154 | D:12     | Noticed Erolcha
 18158 | D:12     | Killed Erolcha
 18557 | D:13     | Found a gate to the Vaults.
 18570 | D:13     | Identified the +0 pair of boots "Qoabauts" {-Tele rF+ rCorr
                  | Int+5}
 19702 | D:14     | Found a transporter.
 19702 | D:14     | Found a transporter.
 19885 | D:14     | Reached skill level 15 in Dodging
 20052 | D:14     | Reached XP level 15. HP: 83/128 MP: 11/19
 20516 | D:15     | Entered Level 15 of the Dungeon
 20519 | D:15     | Noticed DemonSlayer's ghost (journeyman DsEE)
 20542 | D:15     | Found a gate leading to a gauntlet.
 20547 | Gauntlet | Entered a Gauntlet
 20547 | Gauntlet | Found a transporter.
 20547 | Gauntlet | Found a transporter.
 20549 | Gauntlet | Found a transporter.
 20549 | Gauntlet | Found the +3 Elemental Staff {rElec rF+ rC+ AC+3}
 20552 | Gauntlet | Found a transporter.
 20552 | Gauntlet | Found a transporter.
 20571 | Gauntlet | Found a transporter.
 20573 | Gauntlet | Found a transporter.
 20614 | Gauntlet | Found a transporter.
 20616 | Gauntlet | Found a transporter.
 20616 | Gauntlet | Found a transporter.
 20632 | Gauntlet | Found a transporter.
 20647 | Gauntlet | Found a transporter.
 20656 | Gauntlet | Found a runed translucent door.
 20657 | Gauntlet | Found a transporter.
 20658 | Gauntlet | Found a runed translucent door.
 20661 | Gauntlet | Found a transporter.
 20762 | Gauntlet | Identified the amulet of Dukuliw {Reflect Rampage Str-4
                  | Dex+6 SH+5}
 20816 | Gauntlet | Identified the +0 pair of gloves "Ifry" {Int+4}
 20853 | Gauntlet | Identified the +0 pair of gloves of Inquiry {Contam rCorr
                  | Int+7 Stlth-}
 20876 | Gauntlet | Identified the +7 double sword "Qattauc" {flame, Will+
                  | Dex+3}
 20893 | Gauntlet | Identified the +0 war axe of the Desolation of Salt {flame,
                  | MP+9}
 21122 | D:15     | Found a transporter.
 21122 | D:15     | Found a transporter.
 21418 | D:15     | Noticed Louise
 21430 | D:15     | Killed Louise
 21597 | D:15     | Found a staircase to the Depths.
 21635 | D:15     | Noticed Josephine
 21640 | D:15     | Killed Josephine
 21777 | D:15     | Identified a scroll of acquirement
 21819 | D:15     | Noticed Nessos
 21824 | D:15     | Killed Nessos
 22622 | D:15     | Acquired 600 gold pieces
 22704 | D:15     | Killed DemonSlayer's ghost
 22709 | D:15     | Reached skill level 15 in Fighting
 23024 | Lair:2   | Killed Xanbad's ghost
 23292 | Orc:1    | Entered Level 1 of the Orcish Mines
 23724 | Orc:2    | Entered Level 2 of the Orcish Mines
 24216 | Orc:2    | Reached skill level 10 in Shields
 24218 | Orc:2    | Reached XP level 16. HP: 107/149 MP: 7/20
 24531 | Orc:2    | Found Pathreusy's Book Boutique.
 24531 | Orc:2    | Found Ydwuv's General Store.
 24532 | Orc:2    | Found Poofoil's Magic Scroll Boutique.
 24532 | Orc:2    | Found Muimp's Magic Scroll Shop.
 24540 | Orc:2    | Bought a scroll of fear for 72 gold pieces
 24540 | Orc:2    | Bought a scroll of fear for 72 gold pieces
 24542 | Orc:2    | Bought a scroll of teleportation for 45 gold pieces
 24542 | Orc:2    | Bought a scroll of fear for 60 gold pieces
 24543 | Orc:2    | Bought a scroll of magic mapping for 82 gold pieces
 24577 | Orc:2    | Found a staircase to the Elven Halls.
 24960 | Spider:1 | Entered Level 1 of the Spider Nest
 25007 | Spider:1 | Found a frozen archway.
 25051 | IceCv    | Entered an ice cave
 25217 | IceCv    | Found the +8 lance "Wyrmbane" {slay drac, rPois rF+ rC+
                  | AC+3}
 25564 | IceCv    | Identified the amulet "Liph" {Spirit rF+ Regen+}
 25614 | IceCv    | Identified the amulet "Gudyaf" {Acrobat Dex+2 Stlth+}
 26137 | Spider:1 | Identified the amulet of Okhidegi {rC+ Regen+}
 26351 | Spider:2 | Reached skill level 15 in Shields
 26530 | Spider:2 | Reached skill level 1 in Evocations
 27207 | Spider:3 | Reached skill level 5 in Evocations
 27344 | Spider:3 | Identified Roxanne's Secrets of Shapeshifting
 27344 | Spider:3 | Noticed Roxanne
 27378 | Spider:3 | Killed Roxanne
 27379 | Spider:3 | Reached XP level 17. HP: 117/156 MP: 7/22
 27492 | Spider:3 | Identified the +0 kite shield "Ytopt" {MP+9 Str+3 Dex+2}
 27492 | Spider:3 | Noticed Donald
 27509 | Spider:3 | Killed Donald
 27801 | Spider:3 | Identified the +2 broad axe "Hydrabane" {protect, rN++
                  | Will- Int+7}
 27938 | Spider:3 | Identified the +1 battleaxe "Ijajo" {elec, Will+ Int+5
                  | Dex+8 SInv}
 28008 | Spider:4 | Entered Level 4 of the Spider Nest
 29429 | Spider:4 | Identified the -1 pair of gloves "Lirph" {+Inv rF++ rC-
                  | rN+}
 29431 | Spider:4 | Identified the +0 hat "Tegazodu" {rC++}
 29441 | Spider:4 | Got a gossamer rune of Zot
 29794 | Swamp:1  | Entered Level 1 of the Swamp
 30965 | Swamp:3  | Noticed a tentacled monstrosity
 30973 | Swamp:3  | Killed a tentacled monstrosity
 31099 | Swamp:3  | Reached XP level 18. HP: 145/163 MP: 19/23
 31296 | Swamp:3  | Found Inuolig's Island Escapes.
 31543 | Swamp:3  | Bought a potion of invisibility for 104 gold pieces
 31543 | Swamp:3  | Bought a potion of flight for 39 gold pieces
 31543 | Swamp:3  | Bought a potion of flight for 39 gold pieces
 31543 | Swamp:3  | Bought a wand of digging (7) for 382 gold pieces
 31543 | Swamp:3  | Bought a wand of digging (6) for 327 gold pieces
 31543 | Swamp:3  | Bought a scroll of teleportation for 39 gold pieces
 31543 | Swamp:3  | Bought a scroll of teleportation for 39 gold pieces
 31586 | Swamp:4  | Entered Level 4 of the Swamp
 31765 | Swamp:4  | Identified the orb of Jeog {*Rage, Contam rElec Will+
                  | Dex+4}
 31984 | Swamp:4  | Noticed Nikola
 32000 | Swamp:4  | Killed Nikola
 32208 | Swamp:4  | Noticed a tentacled monstrosity
 32216 | Swamp:4  | Killed a tentacled monstrosity
 32229 | Swamp:4  | Noticed a tentacled monstrosity
 32235 | Swamp:4  | Killed a tentacled monstrosity
 32335 | Swamp:4  | Got a decaying rune of Zot
 32351 | Swamp:4  | Paralysed by a hornet for 2 turns
 32772 | Elf:1    | Entered Level 1 of the Elven Halls
 33203 | Elf:1    | Identified the +2 scale mail "Etosarre" {rN+ Regen+ Str-5
                  | Dex+6}
 33341 | Elf:1    | Paralysed by an air elemental for 1 turns
 33664 | Elf:1    | Found a runed translucent gate.
 33665 | Elf:1    | Found a runed translucent gate.
 33665 | Elf:1    | Found a runed translucent gate.
 33908 | Elf:2    | Reached XP level 19. HP: 151/170 MP: 19/24
 34122 | Elf:2    | Found a runed translucent gate.
 34123 | Elf:2    | Found a runed translucent gate.
 34123 | Elf:2    | Found a runed translucent gate.
 34211 | Elf:2    | Found Poan's Weapon Shoppe.
 34847 | Elf:3    | Entered Level 3 of the Elven Halls
 35144 | Elf:3    | Reached skill level 27 in Unarmed Combat
 35763 | Elf:3    | Got Sugheut's Parchment of Cursed Iniquitous Ceremonies
 35767 | Elf:3    | Identified the +2 ring mail "Tennatsike" {rN+ Slay+5}
 35987 | Elf:3    | Identified the +7 battleaxe "Zofasm" {flame, Will++ Int+4
                  | Stlth+}
 35998 | Elf:3    | Identified the +0 buckler of Indomitability {Harm Drain rF+
                  | Str+3}
 35999 | Abyss:2  | Cast into level 2 of the Abyss (a deep elf sorcerer)
 36138 | Abyss:3  | Got an abyssal rune of Zot
 36216 | Elf:3    | Escaped the Abyss
 36234 | Elf:3    | Reached XP level 20. HP: 178/178 MP: 25/25
 36427 | Elf:3    | Identified the staff of fire "Geroxyom" {rF+ Will+}
 36458 | Elf:3    | Got Cethreurph's Spellbook of Beckoning
 36690 | Vaults:1 | Entered Level 1 of the Vaults
 36708 | Vaults:1 | Identified the +2 ring mail "Vitoet" {Rampage *Corrode
                  | rPois rN+}
 37007 | Vaults:1 | Found Wasinun's Armour Shop.
 37663 | Vaults:1 | Found Yteac's Weapon Shoppe.
 38274 | Vaults:2 | Found a staircase to the Crypt.
 38375 | Vaults:2 | Found a magical portal.
 38380 | WizLab   | Entered The Chambers of the Cloud Mage
 38394 | WizLab   | Paralysed by an air elemental for 1 turns
 38496 | WizLab   | Paralysed by an air elemental for 1 turns
 38789 | WizLab   | Paralysed by an air elemental for 1 turns
 38867 | WizLab   | Identified the +1 broad axe "Juhoof" {freeze, *Rage rElec
                  | rCorr Stlth+}
 38868 | WizLab   | Identified the +10 plate armour of Summer {-Cast Fly Str+5
                  | Dex+5}
 38878 | WizLab   | Identified the amulet of Doubts {Spirit Harm rF+ SInv}
 38882 | WizLab   | Got the Annotations on the Zephyr
 38883 | WizLab   | Identified the staff of poison "Loife" {Fly rPois Str+3
                  | Dex-4 Stlth+}
 39266 | Vaults:2 | Noticed Asterion
 39287 | Vaults:2 | Killed Asterion
 39543 | Vaults:2 | Reached XP level 21. HP: 145/184 MP: 19/26
 39583 | Vaults:2 | You fall into a shaft and drop 2 floors!
 39613 | Vaults:3 | Reached skill level 15 in Armour
 39767 | Vaults:2 | Found Dumoas's Distillery.
 39786 | Vaults:2 | Bought a potion of mutation for 144 gold pieces
 39786 | Vaults:2 | Bought a potion of invisibility for 144 gold pieces
 39786 | Vaults:2 | Bought a potion of heal wounds for 90 gold pieces
 39968 | Vaults:2 | Found Aniocs's Antique Armour Emporium.
 40404 | Vaults:3 | Found Yhug's Assorted Antiques.
 40416 | Vaults:3 | Bought a pitted platinum ring for 200 gold pieces
 40416 | Vaults:3 | Identified the ring "Uroxkei" {Fire Str+3} (You bought it
                  | in a shop on level 3 of the Vaults)
 40449 | Vaults:3 | Found Tiask's Distillery.
 40449 | Vaults:3 | Found Jihipix's Assorted Antiques.
 40457 | Vaults:3 | Bought a potion of curing for 51 gold pieces
 40457 | Vaults:3 | Bought a potion of resistance for 170 gold pieces
 40457 | Vaults:3 | Bought a potion of mutation for 136 gold pieces
 40457 | Vaults:3 | Bought a potion of might for 68 gold pieces
 40457 | Vaults:3 | Bought a potion of cancellation for 136 gold pieces
 40460 | Vaults:3 | Bought a potion of curing for 132 gold pieces
 40460 | Vaults:3 | Bought a scroll of enchant armour for 330 gold pieces
 40460 | Vaults:3 | Bought a scroll of blinking for 330 gold pieces
 40460 | Vaults:3 | Bought a potion of curing for 132 gold pieces
 40466 | Vaults:3 | Noticed Margery
 40484 | Vaults:3 | Killed Margery
 40539 | Vaults:3 | Noticed Mennas
 40552 | Vaults:3 | Killed Mennas
 40701 | Vaults:3 | Noticed Boris
 40709 | Vaults:3 | Killed Boris
 40761 | Vaults:3 | Noticed Frederick
 40773 | Vaults:3 | Killed Frederick
 40914 | Vaults:3 | Found Quegoxao's Magic Scroll Shoppe.
 40929 | Vaults:3 | Bought a scroll of teleportation for 33 gold pieces
 40929 | Vaults:3 | Bought a scroll of teleportation for 33 gold pieces
 40929 | Vaults:3 | Bought a scroll of magic mapping for 82 gold pieces
 41033 | Vaults:3 | Noticed Xtahua
 41041 | Vaults:3 | Killed Xtahua
 41268 | Vaults:3 | Found Wogihebepn's Armour Boutique.
 41293 | Vaults:3 | Found the amulet of Vitality {RegenMP++ Regen++}
 41910 | Vaults:4 | Identified the ring of the Queen {+Blink rF+ rCorr}
 42685 | Crypt:1  | Entered Level 1 of the Crypt
 42827 | Crypt:1  | Reached XP level 22. HP: 209/209 MP: 27/27
 43747 | Crypt:1  | Found an ancient bone altar of Kikubaaqudgha.
 44421 | Crypt:3  | Entered Level 3 of the Crypt
 44523 | Crypt:3  | Noticed a curse toe
 44826 | Crypt:3  | Killed a curse toe
 45016 | Crypt:3  | Found a staircase to the Tomb.
 45304 | Crypt:3  | Noticed an ancient lich
 45318 | Crypt:3  | Killed an ancient lich
 45710 | Depths:1 | Entered Level 1 of the Depths
 45798 | Depths:1 | Found a gateway to Hell.
 45811 | Depths:1 | Noticed Zujy's ghost (adept DsFi)
 45814 | Depths:1 | Noticed Himmaryad's ghost (adept TrMo)
 45823 | Depths:1 | Found a transporter.
 45835 | Depths:1 | Found a transporter.
 46113 | Depths:1 | Reached XP level 23. HP: 208/232 MP: 24/28
 46425 | Depths:1 | Found a glowing silver altar of Zin.
 46495 | Depths:2 | Noticed Vv
 46515 | Depths:2 | Killed Vv
 46626 | Depths:2 | Noticed a juggernaut
 46635 | Depths:2 | Killed a juggernaut
 46737 | Depths:2 | Identified the amulet "Fataif" {RegenMP rElec MP+9}
 46896 | Depths:2 | Found Kuuwk's Distillery.
 46898 | Depths:2 | Found Opovib's General Store.
 46898 | Depths:2 | Found Leegeton's Armour Shoppe.
 46901 | Depths:2 | Found Saimeir's Armour Shoppe.
 46903 | Depths:2 | Bought a potion of cancellation for 144 gold pieces
 46903 | Depths:2 | Bought a potion of curing for 54 gold pieces
 46903 | Depths:2 | Bought a potion of heal wounds for 90 gold pieces
 46903 | Depths:2 | Bought a potion of curing for 54 gold pieces
 46903 | Depths:2 | Bought a potion of curing for 54 gold pieces
 46903 | Depths:2 | Bought a potion of magic for 144 gold pieces
 46906 | Depths:2 | Bought a scroll of silence for 142 gold pieces
 47370 | Depths:2 | Found a one-way gate leading to the halls of Pandemonium.
 48115 | Depths:3 | Reached skill level 27 in Fighting
 48348 | Depths:3 | Identified the +6 shortbow of a treasure trove {elec,
                  | Dex+5}
 48349 | Depths:3 | Identified the staff of cold "Noixt" {rC+ rN+++ Will+++
                  | Str-2 Int-5}
 48474 | Depths:3 | Found a one-way gateway to a ziggurat.
 49086 | Depths:4 | Entered Level 4 of the Depths
 49289 | Depths:4 | Found a gate to the Realm of Zot.
 49510 | Depths:4 | Reached XP level 24. HP: 249/249 MP: 28/28
 49722 | Depths:4 | Identified the +3 ring mail of Oblivion {rPois Str+3}
 49731 | Depths:4 | Found a sacrificial altar of Ru.
 50179 | Depths:4 | Found Neoxem's Antique Weapon Emporium.
 50503 | Zot:1    | Entered Level 1 of the Realm of Zot
 51498 | Zot:1    | Noticed an orb of fire
 51505 | Zot:1    | Killed an orb of fire
 51662 | Zot:1    | You fall into a shaft and drop 1 floor!
 52927 | Zot:2    | Reached XP level 25. HP: 130/257 MP: 28/28
 55693 | Zot:4    | Reached skill level 27 in Armour
 55718 | Zot:4    | Identified the +0 pair of gloves of the Sun {Int+3}
 55784 | Zot:4    | Identified the ring of the Festooned Lime {rElec rC+ Dex+6}
 56471 | Zot:5    | Entered Level 5 of the Realm of Zot
 57337 | Zot:5    | Noticed an orb of fire
 57340 | Zot:5    | Noticed an orb of fire
 57341 | Zot:5    | Noticed an ancient lich
 57348 | Zot:5    | Gained mutation: You have large cloven feet. [an orb of
                  | fire]
 57350 | Zot:5    | Killed an orb of fire
 57350 | Zot:5    | Noticed an orb of fire
 57352 | Zot:5    | Gained mutation: Your body sometimes deteriorates upon
                  | taking damage. [an orb of fire]
 57354 | Zot:5    | Killed an orb of fire
 57358 | Zot:5    | Gained mutation: You occasionally lose the ability to read
                  | scrolls when taking damage. [an orb of fire]
 57361 | Zot:5    | Killed an orb of fire
 57366 | Zot:5    | Killed an ancient lich
 57370 | Zot:5    | Noticed a dread lich
 57374 | Zot:5    | Noticed an orb of fire
 57375 | Zot:5    | Killed a dread lich
 57375 | Zot:5    | Gained mutation: Armour fits poorly on your strangely
                  | shaped body. [an orb of fire]
 57376 | Zot:5    | Reached XP level 26. HP: 209/266 MP: 28/28
 57381 | Zot:5    | Killed an orb of fire
 57394 | Zot:5    | Noticed an orb of fire
 57394 | Zot:5    | Gained mutation: Your mind is acute. (Int +4, Str/Dex -1)
                  | [an orb of fire]
 57406 | Zot:5    | Killed an orb of fire
 57510 | Zot:5    | Noticed a dread lich
 57519 | Zot:5    | Killed a dread lich
 57534 | Zot:5    | Lost mutation: You have large cloven feet. [potion of
                  | mutation]
 57534 | Zot:5    | Lost mutation: Your body sometimes deteriorates upon taking
                  | damage. [potion of mutation]
 57535 | Zot:5    | Lost mutation: Armour fits poorly on your strangely shaped
                  | body. [potion of mutation]
 57535 | Zot:5    | Lost mutation: You occasionally lose the ability to read
                  | scrolls when taking damage. [potion of mutation]
 57535 | Zot:5    | Gained mutation: You are clumsy. (Dex -2) [potion of
                  | mutation]
 57821 | Zot:5    | Identified the +7 rapier of Fate {holy, Contam Dex+9}
 58182 | Zot:5    | Got the Orb of Zot
 58231 | Zot:3    | Noticed Lohu the pandemonium lord
 58658 | D:$      | Escaped with the Orb!

Illustrated notes

Levels and vault maps discovered:
D:1:      saegor_arrival_under_anarchy, layout_basic, minivault_24,
          minmay_misc_feat_alley
D:2:      layout_basic
D:3:      layout_basic, mainiacjoe_overflow_six_doors_small,
          overflow_temple_1_default, minmay_misc_feat_columns,
          grunt_ministairs_9, kennysheep_crisscross, uniq_ijyb
D:4:      layout_loops_ring, mainiacjoe_overflow_alcove_2
D:5:      layout_basic, fedhas_altar_3, okawaru_ov_weapons_minmay,
          kennysheep_path_1, minmay_ruined_shrine, uniq_grinder
D:6:      layout_gridville, nicolae_overflow_crystal_walls
D:7:      layout_cave_pools, kennysheep_little_box, temple_fountains,
          serial_column_ruins, column_ruins_pillar_11, column_ruins_pillar_2,
          column_ruins_pillar_12, column_ruins_pillar_4, column_ruins_pillar_2,
          column_ruins_pillar_4, column_ruins_pillar_6, column_ruins_pillar_2,
          column_ruins_pillar_10, column_ruins_pillar_3, column_ruins_pillar_4,
          column_ruins_pillar_1, column_ruins_pillar_8, column_ruins_pillar_3,
          column_ruins_pillar_2, column_ruins_pillar_3, column_ruins_pillar_3,
          column_ruins_pillar_4
D:8:      layout_layer_cave, gammafunk_ghost_abyssal_escape
D:9:      layout_long_grid, dk_yredelemnul_ordeal, kennysheep_vampire_church,
          serial_shops, shop, uniq_pikel
D:10:     layout_basic, nicolae_elyvilon_peaceful_grove,
          mainiacjoe_overflow_catwalk, grunt_temple_overflow_open,
          lair_entry_dummy, serial_bayou_lagoon_a, kb_rosetta
D:11:     minmay_the_grid_triangle_9x9_rhombus_thin_mashed
          [minmay_the_grid_triangle_9x9_longest,
          minmay_the_grid_triangle_9x9_prize_insulated,
          minmay_the_grid_triangle_9x9_minimal,
          minmay_the_grid_triangle_9x9_cache], layout_rooms, uniq_urug
D:12:     layout_layer_cave, erik_orc_4, dk_noncrumbling_3, uniq_erolcha
D:13:     layout_loops_corners, david_vaults_3
D:14:     layout_cave_pools, serial_park_tiny_2, nicolae_diode_stairs
D:15:     grunt_enter_depths_giant_problem, layout_layer_cave,
          gauntlet_entry_generic, gammafunk_ghost_arena, minmay_misc_feat_rows,
          uniq_louise, uniq_josephine, uniq_nessos
Temple:   hellmonk_temple_two_chambers
Lair:1:   layout_gridlike
Lair:2:   layout_regular_city, spider_nest_entry_webs, gammafunk_ghost_hive,
          beast_lair_carwin_3, uniq_erica, uniq_amaemon, uniq_harold
Lair:3:   layout_cave_pods, nicolae_swamp_entry_splash_gauntlet,
          patterned_corridor
Lair:4:   layout_loops_ring, infiniplex_staircase_pool_2, grunt_megastairs_5,
          lemuel_fruit_tree, uniq_kirke
Lair:5:   hellmonk_lair_end_abyssal_woods, layout_regular_city,
          dpeg_slime_entry_enclosed
Swamp:1:  layout_basic_swamp, evilmike_swamp_ruin_house_2
Swamp:2:  layout_basic_swamp, evilmike_swamp_ruin_rubble_1, swamp_pool1
Swamp:3:  layout_basic_swamp, evilmike_swamp_ruin_house_4, swamp_pool1,
          nicolae_island_escapes
Swamp:4:  nzn_swamp_witches_coven, layout_basic_swamp, uniq_nikola
Spider:1: layout_spider_delve, portal_ice_cave_entry_frozen_things
Spider:2: layout_spider_delve, drop_trap
Spider:3: layout_spider_delve, uniq_donald, uniq_roxanne
Spider:4: grunt_spider_rune_parallel
Orc:1:    layout_caves
Orc:2:    st_orc_pillars, layout_diamond_mine
Elf:1:    elf_arrival_001, layout_gridlike, hangedman_elf_disciples,
          nicolae_gammafunk_elf_defective_weapons_storage
Elf:2:    nicolae_elf_blades_crystal_corner, layout_loops_ring, serial_shops,
          shop_coins
Elf:3:    nooodl_elf_gasket, layout_rooms, serial_sigils,
          serial_sigils_hangedman_gut, serial_sigils_hangedman_snap,
          serial_sigils_hangedman_clutch, serial_sigils_hangedman_etch,
          serial_sigils_hangedman_quiver
Vaults:1: v_misc_24, nicolae_vaults_an_arrangement, v_misc_26,
          nicolae_vaults_variable_pillar_hall, nicolae_vaults_little_squares_1,
          nicolae_vaults_rhombus_5, nicolae_vaults_ring_of_whatevers,
          nicolae_vaults_taking_the_gang_shopping, hangedman_vaults_cutoff,
          nicolae_vaults_network_barrier, nicolae_vaults_closet_pinwheel_1,
          nicolae_vaults_yaktaur_gun_rack, layout_vaults_omnicross,
          serial_shops, nicolae_diamond_shop
Vaults:2: mu_enter_wizlab_1, ontoclasm_vaults_hangar,
          minmay_crypt_entry_simple_round, nicolae_vaults_ring_of_whatevers,
          vaults_room_mumra_shop_pool, hangedman_vaults_slither, st_cross,
          nicolae_vaults_three_branches, v_misc_12, vaults_room_hallway,
          layout_vaults_omnigrid, serial_shops, shop, uniq_asterion
Vaults:3: grunt_vaults_diagonal, ontoclasm_vaults_chip,
          ontoclasm_vaults_gateway, nicolae_vaults_house_1,
          nicolae_vaults_tetromino_T_1, nicolae_vaults_little_squares_3,
          nicolae_vaults_offset_grid_hallway_4, v_pattern_3,
          ontoclasm_vaults_pinch, nicolae_vaults_turnstiles,
          layout_vaults_chaotic_city, serial_shops, nicolae_shop_waterfront,
          shop, nicolae_shop_crystal, nicolae_shop_tiny_glass, shop,
          uniq_frederick, uniq_mennas, uniq_xtahua, uniq_margery, uniq_boris
Vaults:4: nicolae_vaults_big_angled_halls, nicolae_vaults_cochlea,
          nicolae_vaults_storage_room_statues, nicolae_vaults_tetromino_T_2,
          nicolae_vaults_closet_pinwheel_2, ontoclasm_vaults_ligature, v_misc_9,
          hangedman_vaults_unwind, hangedman_vaults_impose, v_misc_23,
          nicolae_vaults_layer_cake_slice, layout_vaults_omnibox
Crypt:1:  layout_misc_corridors, serial_co_window_serial, co_window_cross_1,
          co_window_of_opportunity_a, co_window_corner_a, co_window_corner_a,
          co_window_paths_a, co_window_broadway_a, co_window_unsneaky_path_c,
          co_window_of_opportunity_c, co_window_corner_b, co_window_broadway_b,
          glass_columns_c, glass_columns_a, glass_columns_a, glass_columns_a,
          glass_columns_a, amcnicky_mini_rare_corridor_liquid,
          lemuel_upstairs_altar
Crypt:2:  layout_misc_corridors, st_stairs_10, lemuel_dead_fish_pool,
          grunt_megastairs_4
Crypt:3:  david_glass_crypt, layout_misc_corridors
Depths:1: layout_gridlike, nzn_ghost_randoct, hell_entry,
          hangedman_abyss_entry_splay, zin_scriptorium
Depths:2: minmay_broken_ring, layout_gridlike, rand_demon_pan_entry_7,
          hell_entry, nrook_pool_corridor, minmay_shoptagon, uniq_vv
Depths:3: kennysheep_water_balloons, layout_honeycomb, enter_ziggurat_a,
          hell_entry, minmay_room_of_horrors, item_on_display_a,
          roderic_lattice_octagonal_star, nicolae_triple_integral,
          infiniplex_staircase_pool_lava, firewood_loft
Depths:4: grunt_zot_entry_tricorne, layout_gridlike, serial_shops,
          shop_fountains, hell_entry, hangedman_decor_peaks_small,
          hangedman_ru_absence
Zot:1:    layout_misc_corridors
Zot:2:    layout_misc_corridors, zot_minivault_3
Zot:3:    kennysheep_bubbly, layout_basic
Zot:4:    layout_basic, grunt_ministairs_10
Zot:5:    layout_twisted_circle, grunt_ministairs_2

Skill      XL: |  1  2  3  4  5  6  7  8  9 10 11 12 13 14 15 16 17 18 19 20 21 22 23 24 25 26 |
---------------+-------------------------------------------------------------------------------+-----
Unarmed Combat | 4 5 6 8 10 13 15 16 20 22 25 27 | 27.0
Fighting       | 5 8 10 15 20 24 27 | 27.0
Armour         | 2 6 10 14 16 18 24 27 | 27.0
Dodging        | 6 9 10 15 17 20 22 24 | 24.4
Invocations    | 7 8 9 |  9.1
Shields        | 5 10 15 | 15.4
Evocations     | 5 |  5.1

Action                     |  1- 3 |  4- 6 |  7- 9 | 10-12 | 13-15 | 16-18 | 19-21 | 22-24 | 25-27 || total
---------------------------+-------+-------+-------+-------+-------+-------+-------+-------+-------++-------
  Melee: Unarmed           |    65 |   103 |   221 |   425 |   834 |  1319 |  1351 |  1556 |   642 ||  6516
         Headbutt          |    14 |    19 |    50 |   143 |   243 |   365 |   400 |   556 |   251 ||  2041
  Throw: Throwing net      |       |     2 |       |       |     1 |       |       |       |       ||     3
 Invoke: Slouch            |       |       |       |     2 |    10 |    13 |     7 |     3 |       ||    35
         Temporal Distorti |       |       |       |     1 |     4 |     7 |     9 |     8 |       ||    29
  Evoke: Wand              |       |       |     9 |     7 |     2 |    19 |     3 |     7 |     8 ||    55
    Use: Scroll            |       |     4 |     3 |    18 |     9 |     4 |    12 |     2 |     3 ||    55
         Potion            |       |     4 |       |     1 |       |     2 |    10 |     3 |    15 ||    35
   Stab: Held in net/web   |       |       |       |       |     2 |       |       |       |       ||     2
         Petrified         |       |       |       |       |     2 |       |       |       |       ||     2
         Distracted        |       |       |       |       |       |     1 |     2 |       |       ||     3
         Confused          |       |       |       |       |       |       |       |     1 |       ||     1
 Armour: Leather armour    |     3 |     7 |       |       |       |       |       |       |       ||    10
         Chain mail        |       |    15 |    93 |   127 |   190 |   200 |    58 |       |       ||   683
         Crystal plate arm |       |       |       |       |       |       |   153 |   324 |   137 ||   614
  Dodge: Dodged            |    22 |    33 |    82 |   252 |   531 |   444 |   443 |   684 |   307 ||  2798
  Block: Tower shield      |       |       |       |       |   204 |  1122 |  1066 |  1373 |   547 ||  4312
